 Dungeon Crawl Stone Soup version 0.22.1-1-ga44c0e56f4 (webtiles) character file.

871 Dommiel19 the Ruffian (level 8, -4/68 HPs)
             Began as a Ghoul Gladiator on Oct 7, 2018.
             Killed by divine providence
             ... invoked by an orc priest
              (16 damage)
             ... on level 6 of the Dungeon.
             The game lasted 00:08:15 (3408 turns).

Dommiel19 the Ruffian (Ghoul Gladiator)             Turns: 3408, Time: 00:08:16

Health: -4/68      AC:  5    Str: 20    XL:     8   Next: 3%
Magic:  7/7        EV: 12    Int:  3    God:
Gold:   348        SH:  0    Dex: 10    Spells: 7/7 levels left

rFire    . . .     SeeInvis .     - Unarmed
rCold    + . .     Gourm    .   (no shield)
rNeg     + + +     Faith    .   a - +0 leather armour
rPois    ∞         Spirit   .   b - +0 helmet
rElec    .         Reflect  .   s - +0 cloak
rCorr    .         Harm     .   (no gloves)
MR       .....                  (no boots)
Stlth    +++.......             (no amulet)
HPRegen  0.00/turn              (no ring)
MPRegen  0.10/turn              (no ring)

@: rotting, hasted, very quick
A: rotting body, claws 1, carnivore, cold resistance 1, negative energy
resistance 3, inhibited regeneration, torment resistance, unbreathing
a: no special abilities


You were on level 6 of the Dungeon.
You were not hungry.

You visited 1 branch of the dungeon, and saw 6 of its levels.

You collected 348 gold pieces.

Inventory:

Missiles
 c - 3 throwing nets (quivered)
Armour
 a - a +0 leather armour (worn)
 b - a +0 helmet (worn)
 s - a +0 cloak (worn)
Jewellery
 e - an uncursed ring of protection from fire {unknown}
 g - an uncursed ring of poison resistance {unknown}
 i - an uncursed amulet of faith
 k - an uncursed ring of flight {unknown}
 m - an uncursed amulet of harm {unknown}
Wands
 h - a wand of digging (26)
 u - a wand of paralysis (13)
 x - a wand of flame (16)
Scrolls
 f - 2 scrolls of identify
 l - 3 scrolls of teleportation
 o - a scroll of enchant weapon {unknown}
 p - 3 scrolls of remove curse {unknown}
 r - a scroll of random uselessness {unknown}
 v - a scroll of fear {unknown}
 y - a scroll of magic mapping {unknown}
Potions
 j - 2 potions of curing
 n - a potion of heal wounds {unknown}
 q - a potion of degeneration {unknown}
 w - a potion of flight {unknown}
 z - a potion of might {unknown}
 A - a potion of magic {unknown}
Comestibles
 d - 13 rations


   Skills:
 + Level 5.0 Fighting
 - Level 1.7 Throwing
 - Level 2.6 Dodging
 + Level 5.8 Stealth
 * Level 7.2 Unarmed Combat


You had 7 spell levels left.
You didn't know any spells.
Your spell library was empty.

Dungeon Overview and Level Annotations

Branches:
Dungeon (6/15)
 Temple: D:4-7

Altars:
Cheibriados
Dithmenos
Nemelex Xobeh
Trog
Xom
Zin

Annotations:
D:5 Grinder


Innate Abilities, Weirdness & Mutations

Your body is rotting away.
You thrive on raw meat.
You are immune to poison.
You have sharp fingernails.
You are carnivorous and can eat meat at any time.
Your flesh is cold resistant. (rC+)
You are immune to negative energy. (rN+++)
You do not regenerate when monsters are visible.
You are immune to unholy pain and torment.
You can survive without breathing.


Message History

The orc priest mumbles some strange prayers to Beogh against you.
Beogh smites you!
The orc wizard hits you but does no damage.
The orc wizard gestures at you while chanting.
You resist with some effort. The worker ant bites you.
The orc wizard points at you and mumbles some strange words.
The magic dart hits you!
* * * LOW HITPOINT WARNING * * *
Things that are here:
a dagger; a robe The orc wizard gestures at you while chanting.
The magic dart hits you!
* * * LOW HITPOINT WARNING * * *
You feel yourself speed up.
The orc wizard gestures wildly while chanting.
The orc wizard flickers and vanishes!
Deactivating autopickup; reactivate with Ctrl-A.
The orc priest mumbles some strange prayers to Beogh against you.
Beogh smites you!
You die...

.......#............#...#........
.......'.......)....'...#........
.......#...o...oo...#...+........
.##...##########o...#...####'##..
.##...##......##...##...##...##..
..#...........##a{.##....#...#...
..#............#.........#...#...
..#............#o........#...#...
..+............#@........#...#...
.##...##......##...##...##...##'#
.####+##......##...##...##...#...
.......#......#..........+...#...
......##......##...##...##...#...
......###'######...##...##...#...
.##<..##.......#....#...'....#...
.##...##......#######...#....#...
.#.....#......##...##...#....#...


You could see a worker ant, an orc priest, an orc wizard and 2 orcs.

Vanquished Creatures
  Edmund (D:4)
  An ice beast (D:6)
  A phantom (D:4)
  2 bullfrogs (D:6)
  A howler monkey (D:6)
  A crimson imp (D:3)
  2 orc priests (D:6)
  An iguana (D:6)
  A centaur skeleton (D:6)
  Jessica (D:2)
  2 orc wizards
  A worker ant (D:4)
  3 adders
  An adder skeleton (D:4)
  3 worms
  4 dart slugs
  3 leopard geckos
  16 orcs
  2 ball pythons
  7 bats
  A giant cockroach (D:5)
  4 goblins
  8 hobgoblins
  13 jackals
  4 kobolds
  A quokka (D:3)
  4 frilled lizards
  A jackal skeleton (D:6)
  6 rats
96 creatures vanquished.

Notes
Turn   | Place    | Note
-------+----------+-------------------------------------------
     0 | D:1      | Dommiel19 the Ghoul Gladiator began the quest for the Orb.
     0 | D:1      | Reached XP level 1. HP: 17/17 MP: 0/0
    38 | D:1      | Reached skill level 1 in Stealth
    38 | D:1      | Reached XP level 2. HP: 23/25 MP: 1/1
   241 | D:1      | Reached XP level 3. HP: 7/30 MP: 2/2
   550 | D:2      | Reached skill level 4 in Unarmed Combat
   566 | D:2      | Found a snail-covered altar of Cheibriados.
   593 | D:2      | Noticed Jessica
   614 | D:2      | Killed Jessica
   614 | D:2      | Reached XP level 4. HP: 37/37 MP: 3/3
   695 | D:2      | Found a sparkling altar of Nemelex Xobeh.
  1624 | D:3      | Reached XP level 5. HP: 41/44 MP: 4/4
  1907 | D:3      | Found a shimmering altar of Xom.
  1908 | D:3      | Found a glowing silver altar of Zin.
  1909 | D:3      | Noticed an angel
  2093 | D:4      | Reached skill level 5 in Unarmed Combat
  2120 | D:4      | Noticed a phantom
  2142 | D:4      | Killed a phantom
  2142 | D:4      | Reached XP level 6. HP: 30/51 MP: 5/5
  2327 | D:4      | Found a shadowy altar of Dithmenos.
  2479 | D:4      | Found a bloodstained altar of Trog.
  2671 | D:5      | Entered Level 5 of the Dungeon
  2710 | D:5      | Noticed Edmund
  2712 | D:5      | Noticed Grinder
  2744 | D:4      | Killed Edmund
  2744 | D:4      | Reached XP level 7. HP: 32/58 MP: 6/6
  2859 | D:6      | Reached skill level 5 in Stealth
  2859 | D:6      | Reached skill level 6 in Unarmed Combat
  3276 | D:6      | Reached skill level 7 in Unarmed Combat
  3342 | D:6      | Reached skill level 5 in Fighting
  3342 | D:6      | Reached XP level 8. HP: 36/68 MP: 7/7
  3408 | D:6      | Killed from afar by an orc priest

Skill      XL: |  1  2  3  4  5  6  7 |
---------------+----------------------+-----
Stealth        | 1 2 3 4 5 |  5.8
Unarmed Combat | 4 5 7 |  7.2
Fighting       | 3 4 5 |  5.0
Throwing       | |  1.7
Dodging        | |  2.6

Action                   |  1- 3 |  4- 6 |  7- 9 || total
-------------------------+-------+-------+-------++-------
Melee: Unarmed           |   100 |   178 |    94 ||   372
       Punch             |     2 |     2 |     2 ||     6
  Use: Scroll            |     3 |       |       ||     3
       Potion            |     1 |     4 |     1 ||     6
 Stab: Sleeping          |     2 |     5 |       ||     7
  Eat: Ration            |     1 |       |       ||     1
       Chunk             |    10 |    16 |    24 ||    50
Armor: Leather armour    |    24 |    49 |    27 ||   100
Dodge: Dodged            |    53 |   113 |    44 ||   210
